 Dungeon Crawl Stone Soup version 0.29-a0-1043-g569b05d6ff (webtiles) character file.

Game seed: 13951189775044348354

1337 porpoise the Poker (level 8, -4/64 HPs)
             Began as a Demonspawn Gladiator on Aug 16, 2022.
             Was a Follower of Yredelemnul.
             Slain by an ice beast (12 damage)
             ... on level 6 of the Dungeon.
             The game lasted 00:20:59 (7538 turns).

porpoise the Poker (Demonspawn Gladiator)           Turns: 7538, Time: 00:21:01

Health: -4/64      AC: -1    Str: 18    XL:     8   Next: 35%
Magic:  10/10      EV: 12    Int: 15    God:    Yredelemnul [*.....]
Gold:   343        SH:  0    Dex: 12    Spells: 2/7 levels left

rFire   . . .      SeeInvis .   a - +2 dagger (venom)
rCold   . . .      Faith    .   (no shield)
rNeg    + . .      Spirit   .   h - +0 ring mail
rPois   +          Reflect  .   p - +1 hat
rElec   .          Harm     .   (no cloak)
rCorr   .          Rampage  .   (no gloves)
Will    .....                   v - +0 pair of boots
Stlth   +.........              (no amulet)
HPRegen 0.20/turn               w - ring of poison resistance
MPRegen 0.12/turn               y - ring of positive energy

@: corroded
A: spiny 1, sturdy frame 1, horns 1, clever 1, strong 1
a: Renounce Religion, Recall Undead Harvest


You were on level 6 of the Dungeon.
You worshipped Yredelemnul.
Yredelemnul was noncommittal.
You visited 2 branches of the dungeon, and saw 7 of its levels.
You also visited: Sewer.

You collected 343 gold pieces.

Inventory:

Hand Weapons
 a - a +2 dagger of venom (weapon)
 b - a +0 sling
 l - a +0 trident
 E - a +4 hand axe of flaming
Missiles
 c - 4 poisoned darts
 d - 3 throwing nets (quivered)
 e - a javelin
 o - 2 silver boomerangs
Armour
 h - a +0 ring mail (worn)
 p - a +1 hat (worn)
 v - a +0 pair of boots (worn)
 B - a +0 buckler
Jewellery
 i - a ring of see invisible
 u - a ring of ice
 w - a ring of poison resistance (left hand)
 y - a ring of positive energy (right hand)
Wands
 k - a wand of digging (5)
Scrolls
 m - 2 scrolls of teleportation
 q - 3 scrolls of poison
 C - a scroll of blinking
Potions
 f - 4 potions of haste
 g - 2 potions of berserk rage {unknown}
 j - 3 potions of heal wounds
 n - 3 potions of mutation
 r - 3 potions of flight
 t - a potion of invisibility
 x - 2 potions of attraction
 z - a potion of cancellation
 A - 2 potions of curing
 D - a potion of brilliance {unknown}


   Skills:
 + Level 6.0 Fighting
 * Level 7.9 Polearms
 - Level 1.7 Throwing
 - Level 2.6 Dodging
 - Level 3.0 Invocations


You had 2 spell levels left.
You knew the following spells:

 Your Spells              Type           Power      Damage    Failure   Level
f - Summon Forest         Summ/Tloc      0%         N/A       100%        5

Your spell library contained the following spells:

 Spells                   Type           Power      Damage    Failure   Level
 Sandblast                Erth           0%         2d4       34%         1
 Passwall                 Tmut/Erth      0%         N/A       47%         2
 Gell's Gravitas          Tloc           0%         N/A       71%         3
 Stone Arrow              Conj/Erth      0%         3d7       71%         3
 Teleport Other           Tloc           0%         N/A       71%         3
 Borgnjor's Vile Clutch   Necr/Erth      0%         N/A       100%        5
 Summon Mana Viper        Hex/Summ       0%         N/A       100%        5
 Dispersal                Tloc           0%         N/A       100%        6
 Summon Cactus Giant      Summ           0%         N/A       100%        6
 Animate Dead             Necr           Unusable   N/A       N/A         4
 Death Channel            Necr           Unusable   N/A       N/A         6

Dungeon Overview and Level Annotations

Branches:
Dungeon (6/15)             Temple (1/1) D:5           Sewer (visited)

Altars:
Cheibriados
Dithmenos
Hepliaklqana
Kikubaaqudgha
Makhleb
Nemelex Xobeh
Okawaru
Qazlal
Trog
Wu Jian
Xom
Yredelemnul


Innate Abilities, Weirdness & Mutations

You are partially covered in sharp spines.
Your movements are slightly less encumbered by armour. (ER -2)
You have a pair of small horns on your head.
Your mind is acute. (Int +4, Str/Dex -1)
Your muscles are strong. (Str +4, Int/Dex -1)


Message History

n - 3 potions of mutation (gained 1)
Found a stone staircase leading down.
You now have 343 gold pieces (gained 19).
You see here a +3 great mace.
Found a ring mail.
An ice beast and a jelly come into view.
The jelly quivers.
Found 13 gold pieces.
You see here a +0 ring mail.
You hit the jelly. The acid corrodes you!
Your hands burn!
The jelly is moderately wounded.
The jelly is struck by your spines. The jelly hits you. The acid corrodes you!
You are splashed with acid!
You hit the jelly.
Your hands burn!
You headbutt the jelly.
The jelly is heavily wounded.
The jelly is struck by your spines. The jelly closely misses you.
You barely miss the jelly. You headbutt the jelly.
The jelly is almost dead.
The jelly closely misses you.
You hit the jelly but do no damage.
Your hands burn!
The jelly is almost dead.
The jelly is struck by your spines.
You kill the jelly!
The dead are walking!
The ice beast hits you. The ice beast freezes you!
Your Fighting skill increases to level 6!
You are too injured to fight recklessly!
Unknown command.
The ice beast attacks as you move away! The ice beast hits you.
The ice beast freezes you!
* * * LOW HITPOINT WARNING * * *
The ice beast attacks as you move away! The ice beast closely misses you.
Your orc wizard zombie hits the ice beast but does no damage.
Your jelly zombie hits the ice beast but does no damage.
You closely miss the ice beast.
You punch the ice beast, but do no damage.
The ice beast hits you.
* * * LOW HITPOINT WARNING * * *
The ice beast freezes you!
You die...
Your body rises from the dead as a mindless zombie.

##..# # ........ ....#.>
........ ......#
........# ......####.
#....##### #.##.......
....#...# . ..#...#
#..#####......#...
..#..#
#.##..###........$ ....#
##......#ZZZ..#
....####........@Y#.##
..Z.#.###.........#...
....#Z.......#.#...Z##..
..).......##........# ##
..###.......##.....##
..# #......#####..##
..##......## ##.# .#
##.....# ### . .......#


You could see an ice beast (ally target), 2 friendly jelly zombies, a friendly
orc zombie and a friendly orc wizard zombie.

Vanquished Creatures
  Grinder (D:4)
  Sigmund (D:5)
  Edmund (D:5)
  Pargi (Sewer)
  A phantom (D:4)
  4 crimson imps (D:5)
  4 jellies
  An orc priest (D:4)
  Natasha (twice) (D:4)
  4 orc wizards
  8 adders
  2 river rats (D:5)
  A shadow imp (D:5)
  An ufetubus (D:5)
  3 worms
  4 dart slugs
  21 orcs
  7 ball pythons
  5 endoplasms
  2 giant cockroaches
  13 goblins
  10 hobgoblins
  4 jackals (D:5)
  2 quokkas
  6 bats
  7 frilled lizards
  15 kobolds
  4 rats
135 creatures vanquished.

Vanquished Creatures (collateral kills)
  A dart slug (D:5)
  An orc (D:5)
2 creatures vanquished.

Vanquished Creatures (others)
  2 jackal zombies (D:5)
  An orc zombie (D:5)
  6 plants (D:5)
9 creatures vanquished.

Grand Total: 146 creatures vanquished

Notes
Turn   | Place    | Note
-------+----------+-------------------------------------------
     0 | D:1      | porpoise the Demonspawn Gladiator began the quest for the
                  | Orb.
     0 | D:1      | Reached XP level 1. HP: 16/16 MP: 1/1
   163 | D:1      | Reached skill level 3 in Polearms
   163 | D:1      | Gained mutation: Your movements are slightly less
                  | encumbered by armour. (ER -2) [demonic ancestry]
   163 | D:1      | Reached XP level 2. HP: 22/22 MP: 2/2
   497 | D:1      | Found a faded altar of an unknown god.
  1026 | D:2      | Gained mutation: You are partially covered in sharp spines.
                  | [demonic ancestry]
  1026 | D:2      | Reached XP level 3. HP: 28/28 MP: 3/3
  2490 | D:3      | Reached skill level 4 in Polearms
  2594 | D:3      | Reached XP level 4. HP: 34/34 MP: 4/4
  2871 | D:3      | Found a bloodstained altar of Trog.
  3425 | D:4      | Noticed a phantom
  3444 | D:4      | Killed a phantom
  3445 | D:4      | Reached XP level 5. HP: 39/41 MP: 5/5
  3483 | D:4      | Reached skill level 5 in Polearms
  3884 | D:4      | Noticed Grinder
  3907 | D:4      | Killed Grinder
  3908 | D:4      | Reached XP level 6. HP: 6/49 MP: 6/6
  4329 | D:4      | Noticed Natasha
  4338 | D:4      | Killed Natasha
  4363 | D:4      | Found an ornate altar of the Wu Jian Council.
  4411 | D:4      | Reached skill level 6 in Polearms
  4522 | D:4      | Reached XP level 7. HP: 55/55 MP: 7/7
  4756 | D:4      | Noticed Natasha
  4772 | D:4      | Killed Natasha
  5295 | D:5      | Entered Level 5 of the Dungeon
  5295 | D:5      | Found a staircase to the Ecumenical Temple.
  5304 | Temple   | Entered the Ecumenical Temple
  5416 | Temple   | Became a worshipper of Yredelemnul the Dark
  5452 | D:5      | Found a glowing drain.
  5480 | Sewer    | Entered a sewer
  5793 | Sewer    | Gained mutation: You have a pair of small horns on your
                  | head. [potion of mutation]
  5793 | Sewer    | Gained mutation: Your muscles are strong. (Str +4, Int/Dex
                  | -1) [potion of mutation]
  5793 | Sewer    | Gained mutation: Your mind is acute. (Int +4, Str/Dex -1)
                  | [potion of mutation]
  5795 | Sewer    | Noticed Pargi
  5798 | Sewer    | Killed Pargi
  5799 | Sewer    | Reached skill level 5 in Fighting
  5862 | D:5      | Learned a level 5 spell: Summon Forest
  6185 | D:5      | Reached * piety under Yredelemnul
  6238 | D:5      | Reached ** piety under Yredelemnul
  6310 | D:5      | Reached skill level 7 in Polearms
  6354 | D:5      | Found a shimmering altar of Xom.
  6360 | D:5      | Reached skill level 1 in Invocations
  6367 | D:5      | Reached *** piety under Yredelemnul
  6521 | D:5      | Noticed Sigmund
  6522 | D:5      | Noticed Edmund
  6535 | D:5      | Killed Sigmund
  6535 | D:5      | Killed Edmund
  6536 | D:5      | Reached XP level 8. HP: 25/64 MP: 8/10
  6907 | D:5      | Found an iron altar of Okawaru.
  6927 | D:5      | Reached **** piety under Yredelemnul
  7538 | D:6      | Slain by an ice beast

Illustrated notes

Levels and vault maps discovered:
D:1:      sevenhm_arrival_forest_fort_small_6, layout_basic,
          basic_ecumenical_altar
D:2:      layout_basic
D:3:      layout_loops_corners, nicolae_tso_carved_into_rock,
          amcnicky_altar_gilded, minmay_statues_item
D:4:      layout_basic, mainiacjoe_overflow_alcove_1,
          dreamdust_princess_corridor, hangedman_minor_gate_pass, uniq_natasha,
          uniq_grinder
D:5:      corexii_shack_village, layout_rooms, okawaru_altar_gauntlet_db,
          led_xom_imps, minmay_temple_entry_overgrown, portal_sewer_entry_a,
          sigmund_edmund_badplayer
D:6:      layout_cave_pools, dreamdust_wishing_well, lemuel_old_faithful,
          uniq_duvessa
Temple:   kb_temple_of_zot

Skill      XL: |  1  2  3  4  5  6  7  8 |
---------------+-------------------------+-----
Polearms       | 3 4 5 6 7 |  7.9
Fighting       | 3 4 5 6 |  6.0
Invocations    | 2 3 |  3.0
Throwing       | |  1.7
Dodging        | |  2.6

Action                   |  1- 3 |  4- 6 |  7- 9 || total
-------------------------+-------+-------+-------++-------
Melee: Trident           |    40 |     7 |       ||    47
       Hand axe          |    37 |    16 |   122 ||   175
       Short sword       |    18 |    76 |       ||    94
       Headbutt          |       |       |    20 ||    20
       Punch             |       |       |     2 ||     2
       Dagger            |       |       |     5 ||     5
 Fire: Sling             |       |     4 |     2 ||     6
Throw: Throwing net      |       |     3 |       ||     3
  Use: Scroll            |       |     9 |     5 ||    14
       Potion            |       |       |     2 ||     2
 Stab: Sleeping          |     2 |     1 |       ||     3
Armor: Leather armour    |    10 |       |       ||    10
       Ring mail         |    18 |    39 |    43 ||   100
Dodge: Dodged            |    41 |    44 |    58 ||   143

Table legend: (Time is in decaauts)
 A = Elapsed time spent in this place.
 B = Non-inter-level travel time spent in this place.
 C = Inter-level travel time spent in this place.
 D = Time resting spent in this place.
 E = Time spent auto-exploring this place.
 F = Levels seen in this place.
 G = Mean time per level.
                   A        B        C        D        E       F      G
               +--------+--------+--------+--------+--------+-----+--------+
         Total |   7581 |   7385 |    196 |   2301 |   3867 |   8 |  947.6 |
       Dungeon |   7059 |   6894 |    165 |   2107 |   3779 |   6 | 1176.5 |
        Temple |    143 |    112 |     31 |      0 |     83 |   1 |  143.0 |
         Sewer |    378 |    378 |      0 |    194 |      5 |   1 |  378.0 |
               +--------+--------+--------+--------+--------+-----+--------+

Top non-repeatable levels by time:
     D:4: 2302 daAuts
     D:5: 1586 daAuts
     D:2: 1271 daAuts
     D:1: 872 daAuts
     D:3: 869 daAuts
   Sewer: 378 daAuts
     D:6: 156 daAuts
  Temple: 143 daAuts
